 Dungeon Crawl Stone Soup version 0.30-a0-782-ge64f9170bb (webtiles) character file.

Game seed: 16532309335985843558

2 Leeroy the Insei (level 1, 0/13 HPs)
             Began as an Octopode Transmuter on Feb 22, 2023.
             Constricted to death by a ball python (1 damage)
             ... on level 1 of the Dungeon.
             The game lasted 00:00:05 (35 turns).

Leeroy the Insei (Octopode Transmuter)                Turns: 35, Time: 00:00:06

Health: 0/13       AC:  1    Str:  9    XL:     1   Next: 40%
Magic:  3/3        EV: 10    Int: 15    God:
Gold:   9          SH:  0    Dex: 12    Spells: 3/4 levels left

rFire   . . .      SeeInvis .      - Unarmed
rCold   . . .      Faith    .    (no shield)
rNeg    . . .      Spirit   .    (helmet restricted)
rPois   .          Reflect  .    (no amulet)
rElec   .          Harm     .    (no ring)
rCorr   .          Rampage  .    (no ring)
Will    .....                    (no ring)
Stlth   ++                       (no ring)
HPRegen 0.22/turn                (no ring)
MPRegen 0.08/turn                (no ring)
                                 (no ring)
                                 (no ring)

@: constricted
A: almost no armour, amphibious, 8 rings, camouflage 1, gelatinous body 1,
(nimble swimmer 1), tentacles
a: no special abilities


You were on level 1 of the Dungeon.
You visited 1 branch of the dungeon, and saw 1 of its levels.

You collected 9 gold pieces.

Inventory:

Potions
 a - a potion of lignification


   Skills:
 - Level 1.0 Fighting
 - Level 2.0 Dodging
 - Level 3.0 Unarmed Combat
 - Level 2.0 Spellcasting
 + Level 2.2 Transmutations


You had 3 spell levels left.
You knew the following spells:

 Your Spells              Type           Power      Damage    Failure   Level
a - Beastly Appendage     Tmut           16%        N/A       9%          1

Your spell library contained the following spells:

 Spells                   Type           Power      Damage    Failure   Level
 Wereblood                Tmut           8%         N/A       13%         2
 Spider Form              Tmut/Pois      4%         N/A       38%         3
 Ice Form                 Ice/Tmut       4%         N/A       80%         4


Dungeon Overview and Level Annotations

Branches:
Dungeon (1/15)

Altars:


Innate Abilities, Weirdness & Mutations

You cannot wear most types of armour.
You are amphibious.
You can wear up to eight rings at the same time.
Your skin changes colour to match your surroundings (Stealth+).
Your rubbery body absorbs attacks. (AC +1, EV +1)
((You are camouflaged when in or above water. (Stealth+)))
You have tentacles for arms and can constrict up to eight enemies at once.


Message History

The bat hits you.
A ball python comes into view.
A frilled lizard comes into view.
The bat barely misses you.
The frilled lizard hisses angrily.
The ball python hisses angrily.
The bat barely misses you.
There are monsters nearby!
The ball python hisses angrily.
You tentacle-slap the bat but do no damage.
Your grab misses the bat. The bat closely misses you.
A hobgoblin comes into view.
You tentacle-slap the kobold but do no damage.
You grab the kobold. You squeeze the kobold.
You kill the kobold!
The bat hits you but does no damage.
Found a hand axe.
The bat closely misses you. The ball python closely misses you.
The ball python barely misses you.
A rat comes into view.
Things that are here:
a +0 short sword; a kobold corpse You tentacle-slap the bat.
You kill the bat!
The ball python bites you. The ball python grabs you.
The ball python constricts you.
A hobgoblin comes into view.
The frilled lizard closely misses you. The ball python closely misses you.
The ball python constricts you.
The hobgoblin shouts!
You tentacle-slap the ball python. Your grab misses the ball python.
The ball python is severely wounded.
The frilled lizard bites you. The ball python bites you. x2
* * * LOW HITPOINT WARNING * * *
The ball python constricts you.
* * * LOW HITPOINT WARNING * * *
You escape the ball python's grasp.
The frilled lizard attacks as you move away!
The frilled lizard misses you.
The ball python bites you but does no damage.
The ball python grabs you. The ball python constricts you.
You die...

#.#~.P...P..~#
#.#~~~♣~♣~~~~#
#.#####.######
#..## #.#...##
# ##..#
#...#..#..
##.#
##...#..##
#.###..#..#..#
#...)........#
#.....@......#
#.....lS..r...
#.....Sg....##
#.............
#............#
#......#.#.###
##....g.(....
#........####
##......)#


You could see 2 hobgoblins, 2 ball pythons, a frilled lizard and a rat.

Vanquished Creatures
  A bat (D:1)
  2 kobolds (D:1)
3 creatures vanquished.

Notes
Turn   | Place    | Note
-------+----------+-------------------------------------------
     0 | D:1      | Leeroy the Octopode Transmuter began the quest for the Orb.
     0 | D:1      | Reached XP level 1. HP: 13/13 MP: 3/3
    35 | D:1      | Constricted to death by a ball python

Illustrated notes

Levels and vault maps discovered:
D:1:      ldierk_walled_garden, layout_rooms, dreamdust_ecumenical_altar_grove,
          minmay_split_cup_small

Action                     || total
---------------------------++-------
  Melee: Unarmed           ||     6
         Constrict         ||     1
         Tentacles         ||     1
 Armour: Skin              ||     2
  Dodge: Dodged            ||    10

Table legend: (Time is in decaauts)
 A = Elapsed time spent in this place.
 B = Non-inter-level travel time spent in this place.
 C = Inter-level travel time spent in this place.
 D = Time resting spent in this place.
 E = Time spent auto-exploring this place.
 F = Levels seen in this place.
 G = Mean time per level.
                   A        B        C        D        E       F      G
               +--------+--------+--------+--------+--------+-----+--------+
         Total |     34 |     34 |      0 |      0 |     22 |   1 |   34.0 |
       Dungeon |     34 |     34 |      0 |      0 |     22 |   1 |   34.0 |
               +--------+--------+--------+--------+--------+-----+--------+

Top non-repeatable levels by time:
     D:1: 34 daAuts
